 Dungeon Crawl Stone Soup version 0.29-a0-294-g83ea962da3 (webtiles) character file.

Game seed: 4890509676381454322

11895 namelastname112 the Covert (level 11, -2/95 HPs)
             Began as a Black Draconian Brigand on Mar 18, 2022.
             Was an Elder of Zin.
             Slain by a slime creature (6 damage)
             ... on level 12 of the Dungeon.
             The game lasted 00:18:32 (10930 turns).

namelastname112 the Covert (DrBr)                  Turns: 10930, Time: 00:18:32

Health: -2/95      AC: 11    Str: 13    XL:     11   Next: 55%
Magic:  17/17      EV: 16    Int: 17    God:    Zin [****..]
Gold:   882        SH:  0    Dex: 18    Spells: 10/10 levels left

rFire   . . .      SeeInvis .   q - +2 dagger (venom)
rCold   + . .      Faith    .   (no shield)
rNeg    . . .      Spirit   .   (body armour unavailable)
rPois   .          Reflect  .   l - +2 hat
rElec   +          Harm     .   b - +0 cloak
rCorr   .          Rampage  .   (no gloves)
Will    .....                   k - +0 pair of boots {Fly}
Stlth   ++++......              j - amulet of regeneration
HPRegen 1.05/turn               g - ring of protection from cold
MPRegen 0.15/turn               r - +6 ring of intelligence

@: on recite cooldown, flying, studying Stealth
A: breathe lightning, AC +7, unfitting armour, electricity resistance,
cold-blooded
a: Breathe Lightning, Renounce Religion, Recite, Vitalisation, Imprison, Donate
Gold


You were on level 12 of the Dungeon.
You worshipped Zin.
Zin was greatly pleased with you.
You visited 2 branches of the dungeon, and saw 13 of its levels.
You also visited: Bailey.

You collected 1031 gold pieces.
You spent 52 gold pieces at shops.
You donated 97 gold pieces to Zin.

Inventory:

Hand Weapons
 q - a +2 dagger of venom (weapon)
Missiles
 c - 24 poisoned darts (quivered)
 d - 4 curare-tipped darts
Armour
 b - a +0 cloak (worn)
 k - a +0 pair of boots of flying (worn)
 l - a +2 hat (worn)
Jewellery
 g - a ring of protection from cold (left hand)
 j - an amulet of regeneration (around neck)
 r - a +6 ring of intelligence (right hand)
 v - a ring of poison resistance
Wands
 u - a wand of charming (4)
 x - a wand of acid (1)
 y - a wand of flame (22)
Scrolls
 e - 2 scrolls of enchant weapon
 h - a scroll of fog
 i - 2 scrolls of amnesia
 n - 2 scrolls of brand weapon
 p - a scroll of fear
 s - 2 scrolls of identify
 z - a scroll of enchant armour
Potions
 a - a potion of invisibility
 f - 3 potions of lignification
 m - a potion of flight
 o - a potion of might
 t - 2 potions of attraction
 w - a potion of brilliance


   Skills:
 + Level 8.5 Fighting
 + Level 7.9 Short Blades
 + Level 7.1 Throwing
 + Level 6.8 Dodging
 + Level 9.4 Stealth
 * Level 8.7 Invocations


You had 10 spell levels left.
You didn't know any spells.
Your spell library contained the following spells:

 Spells                   Type           Power      Damage    Failure   Level
 Beastly Appendage        Tmut           0%         N/A       24%         1
 Shock                    Conj/Air       0%         1d3       24%         1
 Wereblood                Tmut           0%         N/A       34%         2
 Spider Form              Tmut/Pois      0%         N/A       56%         3
 Swiftness                Air            0%         N/A       56%         3
 Tukima's Dance           Hex            0%         N/A       56%         3
 Airstrike                Air            0%         N/A       93%         4
 Anguish                  Hex/Necr       0%         N/A       93%         4
 Passage of Golubria      Tloc           0%         N/A       93%         4
 Yara's Violent Unravell  Hex/Tmut       0%         3d3       100%        5
 Enfeeble                 Hex            0%         N/A       100%        7


Dungeon Overview and Level Annotations

Branches:
Dungeon (12/15)            Temple (1/1) D:4            Lair (0/6) D:11
    Orc (0/2) D:10         Bailey (visited)

Altars:
Ashenzari
Cheibriados
Gozag
Hepliaklqana
Qazlal
Ru
Sif Muna
Trog
Wu Jian
Yredelemnul
Zin
The Shining One

Shops:
D:2 *   D:7 *   D:11 (

Annotations:
D:5 3 runed translucent doors, ma3's ghost, novice DEAM


Innate Abilities, Weirdness & Mutations

You can breathe wild blasts of lightning.
Your glossy black scales are hard. (AC +7)
You cannot fit into any form of body armour.
You are resistant to electric shocks. (rElec)
You are cold-blooded and may be slowed by cold attacks.


Message History

You barely miss the two-headed ogre!
You tail-slap the two-headed ogre, but do no damage!
The two-headed ogre is lightly wounded!
The two-headed ogre is lost in a daze!
You stick the two-headed ogre like a pincushion!
The two-headed ogre is poisoned!
The two-headed ogre is lightly wounded!
The two-headed ogre closely misses you! x2
You skewer the two-headed ogre like a kebab!
The two-headed ogre looks as sick as possible!!!
The two-headed ogre is lightly wounded!
You spit the two-headed ogre like a pig!
The two-headed ogre is lightly wounded!
You perforate the two-headed ogre like a sieve!
The two-headed ogre looks as sick as possible!!!
The two-headed ogre is moderately wounded!
The two-headed ogre closely misses you! x2
You stick the two-headed ogre like a pincushion!
The two-headed ogre looks as sick as possible!!!
The two-headed ogre is moderately wounded!
You spit the two-headed ogre like a pig!
The two-headed ogre looks as sick as possible!!!
The two-headed ogre is heavily wounded!
The two-headed ogre is no longer dazed!
The two-headed ogre closely misses you! The two-headed ogre barely misses you!
You spit the two-headed ogre like a pig!
You tail-slap the two-headed ogre!
The two-headed ogre is heavily wounded!
You barely miss the two-headed ogre!
The two-headed ogre is heavily wounded!
The slime creature hits you!
You take 1 damage, and have 61/95 hp!
You skewer the two-headed ogre but do no damage!
The two-headed ogre looks as sick as possible!!!
The two-headed ogre is severely wounded!
The two-headed ogre hits you with a +0 giant club!!!!!!
The two-headed ogre hits you with a +0 giant spiked club!!!!!! * * * don't die
* * * The slime creature hits you! rip

........# #........
........#####..........
.......................
.................
####...........#
#...........#
#...........#
#...........###
#....J@O.......
#..............
######..#######..###
........# ..# ........#
# ........# #.......
....J...# ####.......
........# ...>........
........# .............


You could see a slime creature and a two-headed ogre (extremely poisoned).

Vanquished Creatures
  A boulder beetle (D:11)
  2 two-headed ogres (D:11)
  An orc knight (Bailey)
  A deep elf pyromancer (D:11)
  A manticore (D:10)
  Joseph (D:7)
  2 unseen horrors
  Psyche (D:10)
  2 kobold demonologists
  2 hornets
  2 slime creatures (D:12)
  Grinder (D:2)
  Sigmund (D:2)
  A wyvern (D:8)
  2 wraiths
  3 wargs (D:10)
  An acid dragon (D:10)
  4 black bears
  11 orc warriors
  A sky beast (D:8)
  An ice beast (D:5)
  4 ogres
  A centaur (D:10)
  3 phantoms
  2 kobold brigands (D:11)
  2 necrophages (D:7)
  3 scorpions
  3 bullfrogs
  A wyvern zombie (D:5)
  3 jellies
  15 wights
  3 killer bees (D:9)
  A howler monkey (D:8)
  A bullfrog zombie (D:5)
  A hound (D:5)
  A gnoll shaman (D:9)
  12 orc priests
  4 iguanas
  10 orc wizards
  Ijyb (D:3)
  Robin (D:2)
  3 gnolls (D:9)
  9 adders
  2 white imps
  2 worms
  A dart slug (D:1)
  64 orcs
  5 bats
  7 endoplasms
  2 giant cockroaches (D:2)
  10 goblins
  11 hobgoblins
  14 jackals
  5 quokkas
  4 ball pythons
  14 kobolds
  6 rats
273 creatures vanquished.

Vanquished Creatures (others)
  4 plants (D:2)
4 creatures vanquished.

Grand Total: 277 creatures vanquished

Notes
Turn   | Place    | Note
-------+----------+-------------------------------------------
     0 | D:1      | namelastname112 the Draconian Brigand began the quest for
                  | the Orb.
     0 | D:1      | Reached XP level 1. HP: 17/17 MP: 1/1
   150 | D:1      | Reached skill level 1 in Dodging
   365 | D:1      | Reached XP level 2. HP: 25/25 MP: 2/2
   732 | D:1      | Found a faded altar of an unknown god.
  1114 | D:2      | Identified the +6 war axe "Rucsim" {drain, Dex+2}
  1123 | D:2      | Reached XP level 3. HP: 30/30 MP: 3/3
  1302 | D:2      | Noticed Sigmund
  1319 | D:2      | Killed Sigmund
  1320 | D:2      | Reached skill level 4 in Stealth
  1320 | D:2      | Reached XP level 4. HP: 33/38 MP: 4/4
  1320 | D:2      | Reached XP level 5. HP: 39/45 MP: 5/5
  1404 | D:2      | Found Ritobiek's Assorted Antiques.
  1415 | D:2      | Bought a scroll labelled BEOQIU NEATUOR for 26 gold pieces
  1415 | D:2      | Bought a scroll labelled ANUELA FEORIKO for 26 gold pieces
  1776 | D:3      | Noticed Robin
  1784 | D:3      | Noticed Grinder
  1804 | D:2      | Killed Robin
  1814 | D:3      | Paralysed by Grinder for 3 turns
  1955 | D:2      | Paralysed by Grinder for 3 turns
  1969 | D:2      | Killed Grinder
  1970 | D:2      | Reached XP level 6. HP: 24/52 MP: 6/6
  2006 | D:3      | Noticed Ijyb
  2027 | D:3      | Killed Ijyb
  2047 | D:3      | Identified the +1 dagger of Anxiety {pain, rN+}
  2091 | D:3      | Your scales start taking on a glossy black colour.
  2091 | D:3      | Reached XP level 7. HP: 59/59 MP: 7/7
  2091 | D:3      | Gained mutation: You are resistant to electric shocks.
                  | (rElec) [Black Draconian growth]
  2287 | D:3      | Reached skill level 5 in Stealth
  2869 | D:4      | Identified the +9 ring mail of Dauruwn {+Blink Int+5 Slay-6
                  | Stlth+}
  2950 | D:4      | Found a staircase to the Ecumenical Temple.
  2960 | Temple   | Entered the Ecumenical Temple
  3026 | Temple   | Became a worshipper of Zin the Law-Giver
  3363 | D:4      | Reached * piety under Zin
  3595 | D:5      | Entered Level 5 of the Dungeon
  3664 | D:5      | Found a runed translucent gate.
  3664 | D:5      | Found a runed translucent gate.
  3664 | D:5      | Found a runed translucent gate.
  3664 | D:5      | Noticed ma3's ghost (novice DEAM)
  3666 | D:5      | Found a basalt altar of Yredelemnul.
  3701 | D:5      | Reached skill level 5 in Fighting
  3701 | D:5      | Reached XP level 8. HP: 32/68 MP: 8/8
  3878 | D:5      | Reached skill level 5 in Short Blades
  3889 | D:5      | Reached skill level 6 in Stealth
  4497 | D:6      | Reached skill level 1 in Invocations
  4505 | D:6      | Reached skill level 5 in Throwing
  4560 | D:6      | Reached XP level 9. HP: 58/75 MP: 10/10
  4658 | D:6      | Reached ** piety under Zin
  5252 | D:7      | Noticed Joseph
  5290 | D:7      | Killed Joseph
  5356 | D:7      | Reached skill level 5 in Dodging
  5428 | D:7      | Found Agrawuen's General Store.
  6223 | D:8      | Found a flagged portal.
  6245 | Bailey   | Entered a bailey
  6467 | Bailey   | Reached skill level 7 in Stealth
  6467 | Bailey   | Reached skill level 5 in Invocations
  6529 | Bailey   | Noticed an orc knight
  6552 | Bailey   | epen: Хохол
  6560 | Bailey   | epen: Чё там по маскалям?
  6568 | Bailey   | epen: Смотри
  6569 | Bailey   | Killed an orc knight
  6570 | Bailey   | Reached XP level 10. HP: 81/86 MP: 12/14
  6570 | Bailey   | epen: Акварь лежит
  6596 | Bailey   | epen: А вот у русских нет такого
  6597 | Bailey   | Acquired 495 gold pieces
  6598 | Bailey   | epen: ебать помойка
  6598 | Bailey   | epen: лол
  6598 | Bailey   | epen: о
  6598 | Bailey   | epen: Заебись
  6598 | Bailey   | epen: ??infuse
  6598 | Bailey   | beem: I don't have a page labeled infuse in my learndb.
  6598 | Bailey   | epen: ?infuse
  6598 | Bailey   | epen: Охуел?
  6598 | Bailey   | namelastname112: ??mad mage maulers
  6598 | Bailey   | beem: mad mage maulers ~ mad mage's maulers[1/1]: +3 gloves
                  | with RegenMP, Int-3, and Infusion∞. Whenever the wearer
                  | hits a guy, they do 0-(their MP * 2) extra damage, spending
                  | all their MP in the process. Whammo! Added in 0.28.
  6598 | Bailey   | namelastname112: ну хз
  6598 | Bailey   | namelastname112: мануал стелса звучит заманчивее
  6598 | Bailey   | epen: ага
  6598 | Bailey   | epen: Да голду или мануал
  6598 | Bailey   | Acquired a manual of Stealth
  6599 | Bailey   | Reached *** piety under Zin
  6599 | Bailey   | Reached **** piety under Zin
  6684 | Bailey   | epen: а второй?
  6805 | Bailey   | epen: акварь
  6817 | Bailey   | namelastname112: голду ж с него взял\
  6855 | D:8      | epen: а
  7715 | D:9      | HP: 1/82 [wight/+0 halberd (10)]
  8360 | D:9      | Reached skill level 8 in Stealth
  8618 | D:10     | Entered Level 10 of the Dungeon
  9045 | D:10     | Found a staircase to the Orcish Mines.
  9193 | D:10     | Noticed Psyche
  9257 | D:10     | Killed Psyche
  9620 | D:10     | Reached XP level 11. HP: 41/94 MP: 16/16
 10045 | D:11     | Noticed a two-headed ogre
 10074 | D:11     | Killed a two-headed ogre
 10164 | D:11     | Found a staircase to the Lair.
 10177 | D:11     | Noticed a two-headed ogre
 10194 | D:11     | Killed a two-headed ogre
 10195 | D:11     | Reached skill level 9 in Stealth
 10261 | D:11     | Noticed a skeletal warrior
 10281 | D:11     | Noticed a boulder beetle
 10288 | D:11     | Killed a boulder beetle
 10313 | D:11     | Paralysed by a hornet for 1 turns
 10478 | D:11     | Noticed a skeletal warrior
 10516 | D:11     | Noticed a deep elf pyromancer
 10535 | D:11     | Killed a deep elf pyromancer
 10711 | D:11     | Found Uhisif Sanat's Weapon Boutique.
 10762 | D:11     | Noticed a skeletal warrior
 10795 | D:12     | Noticed a two-headed ogre
 10799 | D:12     | Noticed a two-headed ogre
 10930 | D:12     | HP: 4/95 [two-headed ogre/+0 giant club (25)]
 10930 | D:12     | Slain by a slime creature

Illustrated notes

Levels and vault maps discovered:
D:1:      heliophobic_arrival_henge, layout_basic,
          shapermc_ecumenical_altar_mp_vishouse
D:2:      cheibrodos_old_hovel, layout_basic, serial_shops,
          nicolae_shop_overgrown_old_shop, dk_vineyard_1, uniq_sigmund
D:3:      layout_rooms, uniq_ijyb, uniq_robin, uniq_grinder
D:4:      kb_forest_paths, layout_basic, minmay_temple_entry_tees,
          cheibrodos_sewer_entry_bend, solitary_fountain
D:5:      layout_gridville, nicolae_yredelemnul_ghost_church
D:6:      layout_rooms, minmay_misc_feat_ornament, palyth_stone_intersect,
          hangedman_decor_peaks_small, st_stairs_11,
          nicolae_concentric_dashed_squares_mild,
          hangedman_abyss_or_decor_slice, hangedman_glass_teeth, feat_on_display
D:7:      layout_loops_ring, serial_shops, shop_fountains, uniq_joseph
D:8:      layout_cave_pods, enter_bailey_3
D:9:      layout_basic
D:10:     layout_stronghold, david_orc_2, uniq_psyche
D:11:     layout_rooms, erik_lair_orcish_takeover, serial_shops,
          nicolae_shop_stone
D:12:     layout_small_grid, serial_bayou_crossing
Temple:   mainiacjoe_temple_circle_huts

Skill      XL: |  1  2  3  4  5  6  7  8  9 10 11 |
---------------+----------------------------------+-----
Dodging        | 1 2 3 4 5 6 |  6.8
Throwing       | 2 3 4 5 6 7 |  7.1
Fighting       | 3 4 5 6 7 8 |  8.5
Short Blades   | 3 4 5 6 7 |  7.9
Stealth        | 4 5 6 7 8 9 |  9.4
Invocations    | 2 5 7 8 |  8.7

Action                   |  1- 3 |  4- 6 |  7- 9 | 10-12 || total
-------------------------+-------+-------+-------+-------++-------
Melee: Dagger            |    84 |   172 |   547 |   491 ||  1294
       Tailslap          |     6 |    25 |   122 |   104 ||   257
       Punch             |       |     4 |     7 |    10 ||    21
Throw: Dart              |    10 |     3 |     2 |    12 ||    27
Invok: Recite            |       |       |     9 |    23 ||    32
       Vitalisation      |       |       |       |     6 ||     6
 Abil: Breathe Lightning |       |       |     8 |    16 ||    24
Evoke: Wand              |       |       |     9 |    29 ||    38
  Use: Potion            |       |     5 |     1 |     4 ||    10
       Scroll            |       |       |    13 |     7 ||    20
 Stab: Sleeping          |     8 |     2 |    15 |     7 ||    32
       Confused          |       |       |     4 |     1 ||     5
       Invisible         |       |       |     2 |     4 ||     6
       Paralysed         |       |       |       |     2 ||     2
Armor: Skin              |    38 |   102 |   156 |   139 ||   435
Dodge: Dodged            |    59 |   116 |   344 |   325 ||   844

Table legend: (Time is in decaauts)
 A = Elapsed time spent in this place.
 B = Non-inter-level travel time spent in this place.
 C = Inter-level travel time spent in this place.
 D = Time resting spent in this place.
 E = Time spent auto-exploring this place.
 F = Levels seen in this place.
 G = Mean time per level.
                   A        B        C        D        E       F      G
               +--------+--------+--------+--------+--------+-----+--------+
         Total |  10565 |  10119 |    446 |    899 |   6539 |  14 |  754.6 |
       Dungeon |   9942 |   9516 |    426 |    822 |   6287 |  12 |  828.5 |
        Temple |     87 |     67 |     20 |      0 |     48 |   1 |   87.0 |
        Bailey |    534 |    534 |      0 |     77 |    204 |   1 |  534.0 |
               +--------+--------+--------+--------+--------+-----+--------+

Top non-repeatable levels by time:
    D:10: 1360 daAuts
     D:1: 1034 daAuts
     D:9: 1010 daAuts
     D:4: 957 daAuts
     D:8: 945 daAuts
     D:2: 910 daAuts
     D:5: 825 daAuts
    D:11: 756 daAuts
     D:6: 750 daAuts
     D:7: 746 daAuts
     D:3: 537 daAuts
  Bailey: 534 daAuts
    D:12: 107 daAuts
  Temple: 87 daAuts
